[Event "*** Titled Tuesday 3|2 Blitz"]
[Site "Chess.com"]
[Date "2015.12.01"]
[Round "9"]
[White "ArnaudovP"]
[Black "FabianEnglert"]
[Result "0-1"]
[WhiteElo "2315"]
[BlackElo "2310"]
[TimeControl "180+2"]
[EndTime "12:56:56 PST"]
[Termination "FabianEnglert won by resignation"]

1. d4 d5 2. c4 dxc4 3. Nf3 e6 4. e3 b5 5. a4 c6 6. b3 Bb4+ 7. Bd2 Bxd2+ 8. Qxd2 a5 9. axb5 cxb5 10. bxc4 b4 11. e4 Nf6 12. Bd3 e5 13. dxe5 Nfd7 14. O-O O-O 15. Qe3 Nc6 16. Nbd2 Qe7 17. Be2 Nc5 18. Nd4 Nxd4 19. Qxd4 Rd8 20. Qb2 Bb7 21. Rfd1 Nxe4 22. Nxe4 Bxe4 23. Rxd8+ Qxd8 24. f3 Qb6+ 25. Kh1 Bf5 26.
f4 a4 27. Bf3 Ra7 28. Rd1 h6 29. Rd6 a3 30. Qd2 Qc5 31. g4 a2 0-1

[Event "*** Titled Tuesday 3|2 Blitz"]
[Site "Chess.com"]
[Date "2015.12.01"]
[Round "9"]
[White "AnimationDomination"]
[Black "BjarkeSahl"]
[Result "0-1"]
[WhiteElo "1736"]
[BlackElo "2117"]
[TimeControl "180+2"]
[EndTime "12:57:06 PST"]
[Termination "BjarkeSahl won by resignation"]

1. d4 Nf6 2. c4 e6 3. Nc3 Bb4 4. Bd2 O-O 5. Nf3 b6 6. e3 Bb7 7. Bd3 Bxc3 8. Bxc3 Ne4 9. Rc1 f5 10. O-O d6 11. Nd2 Qh4 12. Qc2 Nxd2 13. Qxd2 Rf6 14. f3 Rh6 15. h3 Nd7 16. Qf2 Qg5 17.
Rce1 Rxh3 18. f4 Qg6 19. Re2 Nf6 20. Bc2 Rh6 21. Bd1 Qh5 22. Qg3 Ng4 0-1

[Event "*** Titled Tuesday 3|2 Blitz"]
[Site "Chess.com"]
[Date "2015.12.01"]
[Round "9"]
[White "BIG_Pirate"]
[Black "GianmarcoVaR"]
[Result "1-0"]
[WhiteElo "2306"]
[BlackElo "2218"]
[TimeControl "180+2"]
[EndTime "12:57:16 PST"]
[Termination "BIG_Pirate won by resignation"]

1. Nf3 g6 2. c4 Bg7 3. Nc3 c5 4. g3 Nc6 5. Bg2 d6 6. O-O e5 7. a3 Nge7 8. Rb1 b6 9. b4 O-O 10. d3 Bb7 11. Bg5 Qd7 12. Nd2 Nf5 13. Nde4 f6 14. Bd2 Ncd4 15. Nd5 Bxd5 16. cxd5 Ne7 17. bxc5 bxc5 18. e3 Ndf5 19. Qb3 Rab8 20. Qxb8 Rxb8 21. Rxb8+ Kf7 22. Nc3 Nc8 23. Rb5 Bf8 24. Rfb1 Be7 25. Rb7 Qe8 26. Nb5 Ng7 27. Nxa7 Nxa7 28. Rxa7 Kg8 29. Rbb7 Bf8 30. a4 e4 31. Bxe4 Qe5 32. Ra8 f5 33. Bf3 1-0

[Event "*** Titled Tuesday 3|2 Blitz"]
[Site "Chess.com"]
[Date "2015.12.01"]
[Round "9"]
[White "MateusViageiro"]
[Black "alex_zapata"]
[Result "0-1"]
[WhiteElo "2240"]
[BlackElo "2159"]
[TimeControl "180+2"]
[EndTime "12:57:31 PST"]
[Termination "alex_zapata won by resignation"]

1. e4 c5 2. Nf3 d6 3. d4 cxd4 4. Nxd4 Nf6 5. Nc3 a6 6. Be3 e5 7.
Nb3 Be6 8. f3 Nbd7 9. Qd2 b5 10.
O-O-O Nb6 11. Kb1 b4 12. Bxb6 Qxb6 13. Nd5 Bxd5 14. exd5 Be7 15. g4 a5 16. g5 Nh5 17. Nc1 O-O 18. Bd3 a4 19. Be4 Rfc8 20. Nd3 b3 21. Nb4 bxa2+ 22. Kxa2 Rc4 23. c3 a3 24. b3 Rc5 25. Nc6 Bf8 26. b4 Rc4 27. Qd3 Nf4 28. Qxc4 Qf2+ 0-1

[Event "*** Titled Tuesday 3|2 Blitz"]
[Site "Chess.com"]
[Date "2015.12.01"]
[Round "9"]
[White "jefferyx"]
[Black "Maitreia"]
[Result "1-0"]
[WhiteElo "2566"]
[BlackElo "2457"]
[TimeControl "180+2"]
[EndTime "12:57:35 PST"]
[Termination "jefferyx won by checkmate"]

1. b4 Nf6 2. Bb2 g6 3. Bxf6 exf6 4. a3 Bg7 5. d4 O-O 6. e3 f5 7. g3 a5 8. b5 c5 9. bxc6 dxc6 10. Bg2 Re8 11. Ne2 Nd7 12. O-O Nf6 13. Nd2 Be6 14.
Rb1 Qe7 15. c4 Ne4 16. c5 Bd5 17. Qc2 a4 18. Nf4 h5 19. Rb6 h4 20. Nxd5 cxd5 21. Nxe4 fxe4 22. Rfb1 hxg3 23. hxg3 Ra7 24. R1b4 Qg5 25.
Rxa4 Rea8 26. Rxa7 Rxa7 27. Qb3 Bxd4 28. exd4 Qc1+ 29.
Bf1 Kg7 30. Qxd5 Rxa3 31. Qe5+ Kh7 32. Rxb7 Ra1 33. Rxf7+ Kh6 34. Qh8+ Kg5 35. Qh4# 1-0

[Event "*** Titled Tuesday 3|2 Blitz"]
[Site "Chess.com"]
[Date "2015.12.01"]
[Round "9"]
[White "petrpalachev"]
[Black "Tesla37"]
[Result "0-1"]
[WhiteElo "2314"]
[BlackElo "2524"]
[TimeControl "180+2"]
[EndTime "12:57:52 PST"]
[Termination "Tesla37 won by resignation"]

1. d4 Nf6 2. c4 d6 3. Nf3 Nbd7 4. Nc3 e5 5. e4 c6 6. Be2 g6 7. O-O Bg7 8. Be3 O-O 9. d5 c5 10. Ne1 Ne8 11. Nd3 f5 12. f3 f4 13. Bf2 h5 14.
b4 b6 15. a4 a5 16. bxc5 bxc5 17. Rb1 g5 18. Nb5 Rf6 19. g4 fxg3 20. hxg3 Bf8 21. Be3 Rg6 22. g4 Ndf6 23. gxh5 Nxh5 24. Kf2 g4 25.
Rh1 Nef6 26. Qd2 Ng3 27. Qb2 gxf3 28. Bxf3 Nfxe4+ 29. Bxe4 Nxe4+ 30. Ke1 Qf6 31. Qh2 Qg7 32. Rb2 Ng3 33. Rg1 Bf5 34. Rbg2 e4 35. Nc1 Nh5 36.
Qxh5 Rxg2 37. Rxg2 Qxg2 38. Qxf5 Bg7 39. Ne2 Rf8 40. Qe6+ Kh8 41. Nxd6 Bc3+ 42. Kd1 Rf1+ 43. Kc2 Qxe2+ 44. Kxc3 Qd3+ 0-1

[Event "*** Titled Tuesday 3|2 Blitz"]
[Site "Chess.com"]
[Date "2015.12.01"]
[Round "9"]
[White "LuckyTiger"]
[Black "Keranke"]
[Result "0-1"]
[WhiteElo "2501"]
[BlackElo "2603"]
[TimeControl "180+2"]
[EndTime "12:57:56 PST"]
[Termination "Keranke won on time"]

1. e4 g6 2. d4 Bg7 3. Nc3 d6 4. Nf3 a6 5. h3 b5 6. a3 Nd7 7. a4 b4 8. Nd5 Ngf6 9. Nxb4 c5 10. dxc5 dxc5 11. Nd5 Nxe4 12. Bc4 O-O 13. O-O Bb7 14.
Qe2 Nb6 15. Nxb6 Qxb6 16. c3 e6 17. Bf4 Nd6 18. a5 Qc6 19. Rfe1 Nxc4 20. Qxc4 Rfd8 21. Be5 Rd5 22. Bxg7 Kxg7 23. Qe4 Rad8 24. Ne5 Qc7 25. Qf4 Rd2 26. Nxg6 Qxf4 27. Nxf4 Rxb2 28. Re5 Rdd2 29.
Rg5+ Kf6 30. Rg3 Rxf2 0-1

[Event "*** Titled Tuesday 3|2 Blitz"]
[Site "Chess.com"]
[Date "2015.12.01"]
[Round "9"]
[White "AnastasiaProtopopova"]
[Black "kikydu96"]
[Result "0-1"]
[WhiteElo "1919"]
[BlackElo "2259"]
[TimeControl "180+2"]
[EndTime "12:57:57 PST"]
[Termination "kikydu96 won by resignation"]

1. Nf3 Nf6 2. c4 c6 3. d4 d5 4.
e3 Bf5 5. Nbd2 a6 6. b3 h6 7. Bb2 Nbd7 8. Be2 e6 9. O-O Bd6 10. Ne5 O-O 11. f4 Bh7 12. c5 Bc7 13. b4 Nxe5 14.
dxe5 Ne4 15. Nf3 b6 16. Rc1 bxc5 17. bxc5 Rb8 18. Ba3 Ba5 19. Nd4 Nc3 20. Rxc3 Bxc3 21. Nxc6 Qc7 22. Nxb8 Rxb8 23. Bd3 Bb2 24. Bxh7+ Kh8 25.
Bxb2 Rxb2 26. Qc1 Rxa2 27. Bd3 Ra5 28. Qc3 Rxc5 29. Qb2 Rc3 30. Bxa6 Rxe3 31. Rc1 Qa7 32. Qf2 d4 33. Bf1 Qa3 34. f5 Qxc1 35. fxe6 fxe6 36.
Qf8+ Kh7 37. Qf7 Re1 38. h3 Qe3+ 39. Kh2 Qxe5+ 40. g3 Qf5 41. Qxf5+ exf5 42. Bd3 g6 43.
g4 fxg4 44. hxg4 Kg7 0-1

[Event "*** Titled Tuesday 3|2 Blitz"]
[Site "Chess.com"]
[Date "2015.12.01"]
[Round "9"]
[White "E-Shaposhnikov"]
[Black "RitvarsReimanis"]
[Result "1-0"]
[WhiteElo "2501"]
[BlackElo "2295"]
[TimeControl "180+2"]
[EndTime "12:58:12 PST"]
[Termination "E-Shaposhnikov won by resignation"]

1. e4 e6 2. d3 d5 3. Qe2 Be7 4. Nf3 c6 5. g3 f5 6. Bg2 fxe4 7.
dxe4 Nf6 8. e5 Ne4 9. Nbd2 Nxd2 10. Bxd2 O-O 11. h4 b6 12. Ng5 Qe8 13. O-O-O Qg6 14. h5 Qf5 15. f4 Bxg5 16. fxg5 Ba6 17. Qe3 Nd7 18. Bh3 Qf7 19. g6 hxg6 20. hxg6 Qxg6 21. Qg5 Qf7 22. Bg4 g6 23. Qh6 Qg7 24. Bxe6+ Rf7 25. Bxf7+ Kxf7 26. e6+ Kg8 27. Qxg7+ Kxg7 28. Bc3+ Nf6 29.
Rhf1 Bxf1 30. Rxf1 Rf8 31. Rxf6 Re8 32. Be5 Kh6 33.
Kd2 c5 34. Ke3 Kg5 35. c3 a5 36. a4 Re7 37. c4 d4+ 38. Ke4 Re8 39. Kd5 Rd8+ 40.
Kc6 d3 41. Rf1 d2 42. Bf6+ Kg4 43. Bxd8 1-0

[Event "*** Titled Tuesday 3|2 Blitz"]
[Site "Chess.com"]
[Date "2015.12.01"]
[Round "9"]
[White "salomez"]
[Black "ilmago"]
[Result "1-0"]
[WhiteElo "2097"]
[BlackElo "1925"]
[TimeControl "180+2"]
[EndTime "12:58:23 PST"]
[Termination "salomez won by resignation"]

1. e4 c5 2. Nf3 d6 3. d4 cxd4 4. Nxd4 Nf6 5. Nc3 a6 6. Bc4 e6 7. Bb3 b5 8. Bg5 h6 9. Bh4 Bb7 10. Qe2 Nbd7 11. O-O Nc5 12. e5 dxe5 13. Qxe5 Bd6 14.
Qe3 Bxh2+ 15. Kh1 g5 16. Nxe6 fxe6 17. Qxc5 Bd6 18. Qe3 e5 19. Bg3 Qe7 20. Rfe1 b4 21. Ba4+ Kf7 22. Ne2 Nd5 23. Bb3 Kg7 24. Qd3 Nf4 25.
Bxf4 gxf4 26. Nxf4 Qg5 27. Qxd6 Qxf4 28. Rxe5 Bxg2+ 29. Kg1 Bd5 30. Re7+ Kf8 31. Qxf4+ Kxe7 32. Bxd5 Raf8 33. Qe5+ Kd8 1-0

[Event "*** Titled Tuesday 3|2 Blitz"]
[Site "Chess.com"]
[Date "2015.12.01"]
[Round "9"]
[White "BakaPG"]
[Black "Tirantes"]
[Result "1-0"]
[WhiteElo "2466"]
[BlackElo "2231"]
[TimeControl "180+2"]
[EndTime "12:58:35 PST"]
[Termination "BakaPG won by resignation"]

1. e4 c6 2. d4 d5 3. Nd2 dxe4 4. Nxe4 Nd7 5. Ng5 Ngf6 6. Bc4 e6 7. Qe2 Nb6 8. Bd3 h6 9. N5f3 c5 10. dxc5 Bxc5 11. Ne5 O-O 12. Ngf3 Nbd7 13. Bd2 Nxe5 14. Nxe5 Bd4 15. O-O-O Bxe5 16. Qxe5 Qd5 17. Qxd5 Nxd5 18. c4 Nf6 19. Bc3 b6 20. f3 Ba6 21. b3 Rac8 22. Kb2 Rfd8 23. a4 Nd7 24. Bc2 Bb7 25. Rd6 Nc5 26. Rhd1 Rxd6 27. Rxd6 Kf8 28. Rd1 a5 29. Rd6 Bc6 30. h4 Ke7 31. Rd1 f6 32. Ka3 Rd8 33.
Rxd8 Kxd8 34. b4 axb4+ 35. Bxb4 Nd7 36. a5 bxa5 37. Bxa5+ Ke7 38. Bb4+ Kf7 39. Bd6 e5 40. h5 e4 41. fxe4 Bxe4 42. Bxe4 Ke6 43. Bf4 1-0

[Event "*** Titled Tuesday 3|2 Blitz"]
[Site "Chess.com"]
[Date "2015.12.01"]
[Round "9"]
[White "bugsbunny444"]
[Black "THORK"]
[Result "1-0"]
[WhiteElo "2352"]
[BlackElo "2190"]
[TimeControl "180+2"]
[EndTime "12:58:36 PST"]
[Termination "bugsbunny444 won by resignation"]

1. Nf3 f5 2. g3 Nf6 3. Bg2 d6 4.
d4 e6 5. O-O Be7 6. c4 O-O 7.
b4 Ne4 8. Bb2 Bf6 9. Nc3 Nxc3 10.
Bxc3 Qe7 11. Qb3 Kh8 12. Rfe1 e5 13. dxe5 dxe5 14. e4 f4 15. Qb2 fxg3 16. hxg3 Nd7 17. c5 a5 18. a3 a4 19. Rad1 Re8 20. Rd5 c6 21. Rd6 Nf8 22. Red1 Ng6 23. R1d3 Bg4 24. Qd2 Be6 25. Qe1 Kg8 26. Rd2 Bf7 27. Bh3 Rad8 28. Rd7 Qf8 29. Rxb7 Rxd2 30. Qxd2 Rd8 31. Rd7 Re8 32.
Kg2 h6 33. Qd6 Qxd6 34. Rxd6 Rd8 35. Rxd8+ Bxd8 36. Nxe5 Nxe5 37. Bxe5 Bc4 38. Bd7 Bb5 39. Be6+ Kf8 40. Bd6+ Be7 41. e5 g6 42. f4 Bd3 43.
Kf2 h5 44. Bd7 Be4 45. b5 cxb5 46. Bxb5 Bc2 47. Bd7 Bxd6 48. exd6 Kf7 49. Ke3 Bb3 50. Kd4 1-0

[Event "*** Titled Tuesday 3|2 Blitz"]
[Site "Chess.com"]
[Date "2015.12.01"]
[Round "9"]
[White "Hikaru"]
[Black "GMharikrishna"]
[Result "1-0"]
[WhiteElo "2908"]
[BlackElo "2567"]
[TimeControl "180+2"]
[EndTime "12:58:41 PST"]
[Termination "Hikaru won by resignation"]

1. b3 b6 2. Bb2 Bb7 3. Nf3 Nf6 4. e3 e6 5. g3 g6 6. Bg2 Bg7 7. O-O O-O 8. d4 d5 9. a4 c5 10. a5 Nbd7 11. Nbd2 Qc7 12. a6 Bc6 13. Qe2 Rac8 14. Rfc1 Qb8 15. c4 Qa8 16. dxc5 bxc5 17. cxd5 exd5 18.
Bh3 Rfe8 19. Qd3 Rb8 20. Bc3 Bb5 21. Qc2 Rb6 22. Qb2 Bc6 23. Ne1 d4 24. exd4 Nd5 25.
Nc4 Nxc3 26. Nxb6 Nxb6 27. Qxc3 Bxd4 28. Qd2 Bxa1 29. Rxa1 Bd5 30. Qc3 Qc6 31. Nc2 Qb5 32. Ne3 Qxb3 33. Qxc5 Be6 34. Bxe6 Qxe6 35. Rd1 Rc8 36.
Qg5 Kg7 37. g4 Qf6 38. Nf5+ 1-0

[Event "*** Titled Tuesday 3|2 Blitz"]
[Site "Chess.com"]
[Date "2015.12.01"]
[Round "9"]
[White "GeorgMeier"]
[Black "DeviatkinAndrey"]
[Result "1-0"]
[WhiteElo "2629"]
[BlackElo "2519"]
[TimeControl "180+2"]
[EndTime "12:58:45 PST"]
[Termination "GeorgMeier won on time"]

1. Nf3 d5 2. g3 c6 3. Bg2 Bg4 4.
c4 e6 5. O-O Nf6 6. d3 Nbd7 7.
cxd5 exd5 8. h3 Bh5 9. Nc3 Bc5 10. Qb3 Bb6 11. Na4 O-O 12. Nxb6 axb6 13. g4 Bg6 14. Nd4 b5 15. f4 Ra4 16. Qc3 Qb6 17. b4 h6 18. a3 Re8 19. Kh1 Re7 20. Bb2 Ra8 21. Rae1 Rae8 22. Rf3 Qd8 23. Qd2 Nb6 24. Ref1 Na4 25. Ba1 Qd6 26. f5 Bh7 27. g5 hxg5 28. Qxg5 Kh8 29. Rg3 Rg8 30. Rg1 Ne8 31. Bf3 f6 32. Qh4 Re5 33. Bh5 1-0

[Event "*** Titled Tuesday 3|2 Blitz"]
[Site "Chess.com"]
[Date "2015.12.01"]
[Round "9"]
[White "1stSecond"]
[Black "LyonBeast"]
[Result "1/2-1/2"]
[WhiteElo "2476"]
[BlackElo "2743"]
[TimeControl "180+2"]
[EndTime "12:58:49 PST"]
[Termination "Game drawn by agreement"]

1. d4 Nf6 2. c4 g6 3. Nc3 d5 4.
Nf3 Bg7 5. Bg5 Ne4 6. cxd5 Nxg5 7. Nxg5 e6 8. Nf3 exd5 9. e3 O-O 10. Bd3 c6 11.
O-O Qd6 12. Rb1 a5 13. a3 Nd7 14.
b4 axb4 15. axb4 b5 16. e4 dxe4 17. Nxe4 Qd5 18. Rc1 Bb7 19. Nc5 Nxc5 20. Rxc5 Qd6 21. Be4 Rfe8 22. Ne5 Rad8 23. Qf3 Bxe5 24. dxe5 Rxe5 25.
Rxe5 Qxe5 26. Bxc6 Bxc6 27. Qxc6 Rd4 28. Qc3 Qd6 29. Re1 Qxb4 30. Re8+ Kg7 31. Qa1 Qa4 32. Qc3 Qd1+ 33. Re1 Qd2 34. Qa1 b4 35. g3 Qc3 36.
Qxc3 bxc3 37. Rc1 Rc4 38. Kf1 Kf6 39. Ke2 Ke5 40. Kd3 Rc8 41. f3 Rd8+ 42. Kxc3 Rc8+ 43. Kd2 Rxc1 44. Kxc1 Kd4 45. Kd2 g5 46. Ke2 f5 47.
Kd2 h5 48. Ke2 h4 49. f4 hxg3 50. hxg3 gxf4 51. gxf4 Ke4 52. Ke1 Kxf4 53. Kf2 1/2-1/2

[Event "*** Titled Tuesday 3|2 Blitz"]
[Site "Chess.com"]
[Date "2015.12.01"]
[Round "9"]
[White "Fandorine"]
[Black "Anton_Demchenko"]
[Result "0-1"]
[WhiteElo "2581"]
[BlackElo "2673"]
[TimeControl "180+2"]
[EndTime "12:58:59 PST"]
[Termination "Anton_Demchenko won by checkmate"]

1. e4 e5 2. Nf3 Nc6 3. d4 exd4 4. Nxd4 Nf6 5. Nxc6 bxc6 6. Qe2 d6 7. g3 Be7 8. Bg2 O-O 9. O-O Nd7 10. Rd1 Re8 11. Nd2 Bf6 12. Nb3 a5 13. a4 Qe7 14. Bd2 Bxb2 15.
Rab1 Bf6 16. Nxa5 Ne5 17. h3 Bd7 18. Be1 Ng6 19. f4 c5 20. e5 dxe5 21. Bxa8 Rxa8 22. f5 Nf8 23. Qe4 Qe8 24. Ra1 h5 25. Nb3 Bc6 26. Qe3 Nh7 27. h4 Qc8 28. Qxc5 Bf3 29. a5 Qxf5 30. Qe3 g5 31. Rd3 e4 32. Nd4 Bxd4 33.
Rxd4 gxh4 34. Qf2 Ng5 35. Kf1 Qh3+ 36. Kg1 Qh1# 0-1

[Event "*** Titled Tuesday 3|2 Blitz"]
[Site "Chess.com"]
[Date "2015.12.01"]
[Round "9"]
[White "MinhGTrAn"]
[Black "motivated_bishop"]
[Result "1-0"]
[WhiteElo "2594"]
[BlackElo "2269"]
[TimeControl "180+2"]
[EndTime "12:59:19 PST"]
[Termination "MinhGTrAn won on time"]

1. Nf3 g6 2. h4 Bg7 3. h5 gxh5 4.
d4 Nf6 5. Nc3 d5 6. Bg5 O-O 7. Qd2 Ne4 8. Qf4 Bg4 9. Nxe4 dxe4 10.
Qxe4 Bxf3 11. exf3 Qxd4 12. Qxd4 Bxd4 13. c3 Bg7 14. Rxh5 Nc6 15. O-O-O Rad8 16. Bd3 h6 17. Bxh6 Ne5 18. Be4 Bxh6+ 19. Rxh6 Rxd1+ 20. Kxd1 c6 21. Kc2 Kg7 22. Rh7+ Kf6 23. Rh1 Rg8 24. g3 e6 25.
a4 Ke7 26. f4 Ng4 27. Rf1 Rh8 28. Kd2 Rh2 29. Ke2 f5 30. Bf3 Nf6 31. a5 a6 32.
Ra1 Kd6 33. Rd1+ Kc7 34. Ke3 Nd5+ 35. Bxd5 cxd5 36. Re1 Kd6 37. Ra1 Kc6 38. Ra4 Rh7 39.
Rb4 Re7 40. Kd4 Kc7 41. Ke5 Re8 42. Rb6 1-0

[Event "*** Titled Tuesday 3|2 Blitz"]
[Site "Chess.com"]
[Date "2015.12.01"]
[Round "9"]
[White "spectralsoul"]
[Black "KNVB"]
[Result "1-0"]
[WhiteElo "2509"]
[BlackElo "2358"]
[TimeControl "180+2"]
[EndTime "12:59:27 PST"]
[Termination "spectralsoul won by resignation"]

1. g3 d5 2. Bg2 c6 3. c4 Nf6 4.
Nf3 Bg4 5. cxd5 Bxf3 6. Bxf3 cxd5 7. Qb3 Qd7 8. O-O Nc6 9. e3 e6 10. d4 Be7 11. Nc3 O-O 12. Bd2 Na5 13. Qc2 Rfc8 14.
b3 Ba3 15. Qd3 Nc6 16. Nb5 Be7 17. a3 a6 18. Nc3 b5 19. Rfc1 g6 20. Bg2 Rab8 21. a4 Nb4 22. Qb1 bxa4 23. Nxa4 Rxc1+ 24. Qxc1 Rc8 25. Qd1 Qb7 26. Rc1 Rxc1 27. Qxc1 Ne4 28. Nc5 Nxc5 29. dxc5 Nc6 30. b4 Nxb4 31. Bxb4 Qxb4 32.
c6 Qb8 33. c7 Qc8 34. Qc6 Kg7 35.
Bf1 Bd8 36. cxd8=Q Qxc6 37. Qa5 Qd6 38. Qa1+ Kg8 39. Bxa6 h5 40. Be2 Qb4 41. Qf6 Qe1+ 42. Bf1 Qd2 43. Bh3 Qc1+ 44. Kg2 Qc6 45. Qd4 Qd6 46.
e4 g5 47. Kg1 g4 48. Bg2 Qe7 49. exd5 exd5 50. Bxd5 Qe1+ 51. Kg2 Qe7 52. Qf4 Kg7 53. Qf5 1-0

[Event "*** Titled Tuesday 3|2 Blitz"]
[Site "Chess.com"]
[Date "2015.12.01"]
[Round "9"]
[White "Krutoy123"]
[Black "Rikikits"]
[Result "1/2-1/2"]
[WhiteElo "2366"]
[BlackElo "2576"]
[TimeControl "180+2"]
[EndTime "12:59:39 PST"]
[Termination "Game drawn - insufficient material"]

1. Nf3 Nf6 2. g3 g6 3. Bg2 Bg7 4. O-O O-O 5. d3 d6 6. e4 c6 7. Nbd2 Qa5 8. Nc4 Qh5 9. Ng5 Bg4 10. f3 Bc8 11. Be3 Bh6 12. Qd2 d5 13. Ne5 Nbd7 14.
Nxd7 Bxd7 15. c3 e5 16. Qc1 Rfe8 17. h4 Bg7 18. Bf2 h6 19. g4 Nxg4 20. fxg4 Bxg4 21. Nh3 Be2 22. Re1 Bxd3 23. exd5 cxd5 24. Qe3 Bf5 25.
Bf3 Bg4 26. Bxd5 e4 27. Nf4 Qf5 28. c4 Be5 29. Bg3 Bf3 30. Bxe4 Bxe4 31. Qxe4 Qg4 32. Kg2 g5 33. Nh5 Qxe4+ 34. Rxe4 Bxb2 35. Rxe8+ Rxe8 36.
Rb1 Re2+ 37. Kf3 Rc2 38. hxg5 hxg5 39. Kg4 f6 40. Rd1 Kf7 41. Rd7+ Ke6 42. Rxb7 Rxc4+ 43. Kf3 Bd4 44. Ng7+ Kd5 45. Nf5 Bb6 46. Rxb6 axb6 47.
Ne3+ Kc5 48. Nxc4 Kxc4 49. Kg4 Kb4 50. Kf5 Ka3 51. Kxf6 Kxa2 52. Kxg5 b5 53. Bd6 b4 54. Bxb4 1/2-1/2

[Event "*** Titled Tuesday 3|2 Blitz"]
[Site "Chess.com"]
[Date "2015.12.01"]
[Round "9"]
[White "Iball95"]
[Black "Svetlin_Mladenov"]
[Result "0-1"]
[WhiteElo "2417"]
[BlackElo "2338"]
[TimeControl "180+2"]
[EndTime "12:59:45 PST"]
[Termination "Svetlin_Mladenov won by checkmate"]

1. e4 d6 2. d4 Nf6 3. Nc3 e5 4. Nf3 Nbd7 5. Bc4 Be7 6. O-O O-O 7. Re1 a6 8. a4 b6 9. Nd5 Bb7 10. dxe5 dxe5 11. Nxf6+ Bxf6 12. b3 Re8 13. Ba3 Nf8 14.
Qe2 Ne6 15. Rad1 Nf4 16. Qf1 Qc8 17. Bc1 Ne6 18. Bd5 c6 19. Bc4 b5 20. Bxe6 Qxe6 21.
Ba3 Be7 22. Bxe7 Qxe7 23. axb5 cxb5 24. c4 Bc6 25. Qd3 Red8 26. Qc3 f6 27. cxb5 Bxb5 28. h3 h6 29. Nh4 Rac8 30. Qg3 Bd7 31. Ng6 Qf7 32. Rd6 Be8 33. Red1 Rxd6 34. Rxd6 Qxg6 35. Qd3 Bb5 36. Qd5+ Qf7 37. Re6 Bd7 38. Rxa6 Qxd5 39. exd5 Kf8 40. b4 Rb8 41. Kh2 Rxb4 42. Ra5 Ke7 43. Kg3 Kd6 44. h4 h5 45. f3 g5 46. hxg5 fxg5 47. Ra6+ Kxd5 48. Rh6 h4+ 49. Kh2 Rf4 50. Rg6 g4 51. fxg4 Rxg4 52. Ra6 Bf5 53.
Ra3 Be4 54. Ra5+ Ke6 55. Ra7 Bxg2 56. Kg1 h3 57. Kh2 Bd5 58. Ra6+ Kf5 59. Ra1 e4 60. Rf1+ Ke5 61. Rf8 Rg6 62. Re8+ Re6 63. Rf8 Rg6 64. Rf1 e3 65. Kxh3 Bg2+ 66. Kh2 Bxf1 67. Kh1 e2 68. Kh2 e1=Q 69. Kh1 Qh4# 0-1

[Event "*** Titled Tuesday 3|2 Blitz"]
[Site "Chess.com"]
[Date "2015.12.01"]
[Round "9"]
[White "HansCoolNiemann"]
[Black "Konavets"]
[Result "0-1"]
[WhiteElo "2176"]
[BlackElo "2524"]
[TimeControl "180+2"]
[EndTime "12:59:56 PST"]
[Termination "Konavets won by resignation"]

1. d4 d5 2. c4 e5 3. dxe5 d4 4. a3 Nc6 5. Nf3 Nge7 6. e3 Bg4 7. exd4 Nf5 8. d5 Nxe5 9. Qa4+ Nd7 10. Ne5 Qe7 11.
Qxd7+ Qxd7 12. Nxd7 Kxd7 13. f3 Nd4 14. fxg4 Nc2+ 15.
Kd1 Nxa1 16. Nd2 a5 17. Bd3 a4 18. Rf1 f6 19. Bf5+ Kd8 20. Ne4 Nb3 21. Be3 Be7 22.
Kc2 b6 23. Rd1 Bc5 24. Nxc5 Nxc5 25. d6 c6 26. Bxc5 bxc5 27. d7 g6 28. Be6 Ke7 29. Re1 Kd6 30. h4 h6 31. h5 gxh5 32. gxh5 Rh7 33.
Bf5 Re7 34. Rd1+ Kc7 35. Bh3 Rg8 36. Rf1 Re2+ 37. Kd3 Rxb2 38. Rxf6 Rb3+ 39. Kc2 Rxa3 40. Rf7 Rd8 41. Bf5 Rb3 42. g4 Rb4 43. Be6 a3 44.
Rf1 a2 45. Ra1 Ra8 46. g5 hxg5 47. h6 Rb1 48. Rxa2 Rxa2+ 49. Kxb1 Rh2 50. Kc1 Rxh6 51. Bf5 Rf6 52. Bg4 Rf4 53. Be6 Re4 54. Bf5 Rxc4+ 55. Kd2 Rd4+ 56. Ke3 Rxd7 57. Kf3 Rd4 58. Ke3 Kd6 59.
Be4 Ke5 60. Bf3 Rd6 61. Be4 Rd4 62. Bxc6 Rb4 63. Bf3 g4 64. Be2 Rb3+ 65. Kd2 g3 66. Ke1 Ra3 67. Kf1 Kd4 68. Kg2 c4 69. Bf3 c3 70.
Bd1 Ra1 71. Bc2 Ra2 72. Kxg3 Rxc2 73. Kh3 Rd2 74. Kg3 c2 75. Kf3 c1=Q 76. Kf4 Qf1+ 0-1

[Event "*** Titled Tuesday 3|2 Blitz"]
[Site "Chess.com"]
[Date "2015.12.01"]
[Round "9"]
[White "Colombiano07"]
[Black "ZEN-22"]
[Result "0-1"]
[WhiteElo "2106"]
[BlackElo "2248"]
[TimeControl "180+2"]
[EndTime "13:00:15 PST"]
[Termination "ZEN-22 won on time"]

1. d4 d6 2. Nf3 f5 3. Bf4 Nd7 4. e3 g6 5. h3 Bg7 6. Be2 e5 7. Bh2 e4 8. Nfd2 Ngf6 9. c4 O-O 10. Nc3 Qe7 11. O-O a6 12. b4 h5 13.
a4 c5 14. bxc5 dxc5 15. d5 Ne5 16. a5 h4 17. Na4 Nfd7 18. Rb1 g5 19. Nb6 Rb8 20.
f4 exf3 21. Nxf3 Nxf3+ 22. Rxf3 Ne5 23. Rf1 g4 24. Bf4 Bd7 25. Nxd7 Nxd7 26. hxg4 Be5 27. gxf5 Bxf4 28. exf4 Nf6 29. Bf3 Qe3+ 30. Kh1 Qxf4 31. Qd3 Rf7 32. Rb6 Rd8 33. Re1 h3 34. gxh3 Qh4 35.
Qf1 Rg7 36. Ree6 Rf8 37. d6 Rg3 38. Bg2 Kg7 39. Rxb7+ Kh8 40. d7 Rgg8 41. Rbb6 Rg7 42. Rbd6 Nh5 43. Rh6+ Rh7 44. Rxh7+ Kxh7 45. Kg1 Qg3 46.
Rd3 Qg5 47. f6 Rd8 48. Qf3 Nxf6 49. Qg3 Qh6 50. Qd6 Ng8 51. Be4+ Kh8 52. Qe5+ Nf6 53. Rf3 Rg8+ 54. Kh2 Qd2+ 0-1

[Event "*** Titled Tuesday 3|2 Blitz"]
[Site "Chess.com"]
[Date "2015.12.01"]
[Round "9"]
[White "Gergo85"]
[Black "AndroQueen"]
[Result "0-1"]
[WhiteElo "2343"]
[BlackElo "2327"]
[TimeControl "180+2"]
[EndTime "13:00:17 PST"]
[Termination "AndroQueen won by checkmate"]

1. e4 e6 2. d4 d5 3. Nd2 Nc6 4.
Bd3 Nf6 5. e5 Nd7 6. Ngf3 Nb4 7.
Be2 c5 8. c3 Nc6 9. O-O h6 10.
Re1 g5 11. Nf1 g4 12. N3d2 cxd4 13. cxd4 Nxd4 14. Bxg4 Bg7 15. f4 Qc7 16. Ne3 b6 17. Ne4 dxe4 18. Qxd4 Nc5 19. Bd2 O-O 20. Nc4 f5 21.
Bh5 Ba6 22. Nd6 Rad8 23. Bc3 Nb7 24. Bb4 Nxd6 25. Bxd6 Rxd6 26. Qxd6 Qxd6 27. exd6 Bxb2 28.
Rad1 Rd8 29. g4 Bd3 30. Rxd3 exd3 31. Rxe6 Ba3 32. gxf5 Bxd6 33. f6 d2 34. f7+ Kg7 35.
Re8 Bc5+ 36. Kg2 d1=Q 37. Bxd1 Rxd1 38. Rc8 Kxf7 39. Rc7+ Kf6 40. Rxa7 Kf5 41. Rf7+ Ke4 42. Kg3 Rd5 43. Kg4 h5+ 44. Kh4 Rf5 45. Rh7 Kxf4 46.
Kh3 Ke4 47. a4 Kd4 48. Kh4 Kc4 49. Rg7 Kb4 50. Ra7 Rd5 51. Ra8 Kb3 52. a5 bxa5 53. h3 Bf2# 0-1

[Event "*** Titled Tuesday 3|2 Blitz"]
[Site "Chess.com"]
[Date "2015.12.01"]
[Round "9"]
[White "rikyshi"]
[Black "Grootneus"]
[Result "1-0"]
[WhiteElo "2149"]
[BlackElo "2018"]
[TimeControl "180+2"]
[EndTime "13:00:18 PST"]
[Termination "rikyshi won by resignation"]

1. e4 c5 2. Nf3 Nc6 3. d4 cxd4 4. Nxd4 Nf6 5. Nc3 e5 6. Ndb5 d6 7. a4 a6 8. Na3 Bg4 9. f3 Be6 10. Bc4 Be7 11. Be3 O-O 12. O-O Rc8 13. Bd5 Nb4 14.
Rf2 Nbxd5 15. exd5 Rxc3 16. bxc3 Nxd5 17. Qd2 Nxe3 18.
Qxe3 d5 19. Kh1 f6 20. Nb1 Qc7 21. Rd2 Qc4 22. Rd1 Bf5 23. Qd2 Rd8 24. Re1 d4 25.
cxd4 Rxd4 26. Qc3 Qxc3 27. Nxc3 Bb4 28. Re3 Bxc2 29. Ne4 Bxa4 30. h3 Bc6 31. Ng3 a5 32. Nf5 Rd7 33. Rb3 Bd5 34. Rd3 Be6 35. Rxd7 Bxd7 36.
Ne3 Kf7 37. Nc4 Bb5 38. Nxa5 Ke6 39. Nxb7 Kd5 40. Rb1 Kc4 41. Rc1+ Bc3 42. Nd6+ Kb4 43. Nxb5 Bd2 44. Rd1 Bf4 45. Nd6 Kc5 46. Ne4+ Kc6 47. g3 Be3 48. g4 Bd4 49. Rb1 Kd5 50. Rb7 h5 51. Rxg7 hxg4 52. hxg4 Ke6 53. Rg6 Kf7 54. Rxf6+ Kg7 55. Rd6 Bb2 56. Kg2 Ba1 57. Kf1 Bb2 58.
Ke2 Ba1 59. Kd3 Bb2 60. Kc4 Ba1 61. Kd5 Kf7 62. Re6 Bd4 63. Rxe5 Bxe5 64. Kxe5 Kg7 65. Kf5 Kf7 66. Nf2 Kg7 67. f4 Kf7 68. g5 Kg7 69. g6 Kg8 70. Kf6 Kf8 71. g7+ Kg8 72. Nd1 Kh7 73.
Kf7 1-0